 Dungeon Crawl Stone Soup version 0.14.2 (webtiles) character file.

2671 Chiseanne the Covered (level 9, -3/73 HPs)
             Began as a Centaur Air Elementalist on Jan 20, 2016.
             Was an Initiate of Vehumet.
             Slain by a killer bee (4 damage)
             ... on Level 6 of the Dungeon.
             The game lasted 00:37:40 (7401 turns).

Chiseanne the Covered (Centaur Air Elementalist)    Turns: 7401, Time: 00:37:40

HP  -3/73        AC  9     Str 15      XL: 9   Next: 25%
MP  11/11        EV  5     Int 17      God: Vehumet [......]
Gold 233         SH 19     Dex 11      Spells:  1 memorised, 10 levels left

rFire  . . .     SeeInvis .     s - +3,+2 war axe
rCold  . . .     Clarity  .     I - +0 scale mail (curse)
rNeg   . . .     Conserve .     n - +0 shield
rPois  .         rCorr    .     (no helmet)
rElec  .         rRot     .     (no cloak)
SustAb . .       Spirit   .     u - +0 pair of gloves
rMut   .         Warding  .     (no barding)
Saprov . . .     Stasis   .     (no amulet)
MR     .....                    O - ring of regeneration
                                l - ring of regeneration

@: mighty, lethally poisoned, very quick, not resistant to hostile enchantments,
extremely unstealthy
A: hooves 3, deformed body, herbivore 1, speed 2, fast metabolism 1, tough skin
3
a: Renounce Religion


You were on level 6 of the Dungeon.
You worshipped Vehumet.
Vehumet was noncommittal.
You were not hungry.

You visited 2 branches of the dungeon, and saw 8 of its levels.
You also visited: Sewer.

You collected 233 gold pieces.

Inventory:

Hand weapons
 a - a +0,+3 short sword of freezing
 s - a +3,+2 war axe (weapon)
 w - a +0 blowgun
Missiles
 d - 6 tomahawks (quivered)
 g - 47 arrows
 j - 182 darts
 p - 5 javelins
 r - 59 bolts
 t - 9 poisoned needles
 v - 24 sling bullets
 C - 4 poisoned sling bullets
Armour
 n - a +0 shield (worn)
 u - a +0 pair of gloves (worn)
 I - a cursed +0 scale mail (worn)
Comestibles
 c - 7 bread rations
 k - 13 strawberries
 m - 3 meat rations
Scrolls
 E - 2 scrolls of remove curse
 G - a scroll of recharging
 L - a scroll of magic mapping
Jewellery
 l - a ring of regeneration (left hand)
 x - an uncursed ring of flight
 H - an uncursed ring of protection from cold
 K - an uncursed ring of teleportation
 N - an uncursed ring of sustenance {unknown}
 O - a ring of regeneration (right hand)
Potions
 h - a potion of restore abilities {unknown}
 q - a potion of brilliance
 B - a potion of degeneration {unknown}
 F - 2 potions of invisibility {unknown}
 J - a potion of confusion {unknown}
Books
 b - a book of Air

   Spells                             Type                      Level
   *Shock                             Conjuration/Air              1
   Swiftness                          Charms/Air                   2
   Repel Missiles                     Charms/Air                   2
   Flight                             Charms/Air                   3
   Static Discharge                   Conjuration/Air              3
   Lightning Bolt                     Conjuration/Air              5
 e - a book of Flames

   Spells                             Type                      Level
   Flame Tongue                       Conjuration/Fire             1
   Throw Flame                        Conjuration/Fire             2
   Conjure Flame                      Conjuration/Fire             3
   Inner Flame                        Hexes/Fire                   3
   Sticky Flame                       Conjuration/Fire             4
   Fireball                           Conjuration/Fire             5


   Skills:
 * Level 4.8 Fighting
 * Level 6.5 Armour
 - Level 1.3 Dodging
 - Level 1.2 Stealth
 * Level 5.6 Shields
 - Level 1.5 Spellcasting
 - Level 0.8 Conjurations
 - Level 2.6 Air Magic


You had 10 spell levels left.
You knew the following spells:

 Your Spells              Type           Power        Failure   Level  Hunger
a - Shock                 Conj/Air       #...         87%         1    ##.....


Dungeon Overview and Level Annotations

Branches:
Dungeon (7/15)             Temple (1/1) D:6

Altars:
Ashenzari
Cheibriados
Elyvilon
Fedhas
Makhleb
Nemelex Xobeh
Okawaru
Sif Muna
Trog
Vehumet
Xom
Zin
The Shining One

Annotations:
D:7 Blork the orc


Innate Abilities, Weirdness & Mutations

You have hooves in place of feet.
Armour fits poorly on your strangely shaped body.
You digest meat inefficiently.
You cover ground very quickly.
You have a fast metabolism.
You have extremely tough skin (AC +3).


Message History

The killer bee barely misses you. The killer bee stings you.
* * * LOW HITPOINT WARNING * * *
You block the killer bee's attack. The killer bee barely misses you.
The killer bee stings you but does no damage.
Your shield and scale mail prevent you from hitting the killer bee.
Your kick misses the killer bee. The killer bee stings you.
* * * LOW HITPOINT WARNING * * *
The killer bee stings you.
* * * LOW HITPOINT WARNING * * *
You block the killer bee's attack. x2
The killer bee stings you but does no damage.
You block the killer bee's attack.
You miss the killer bee. Your kick misses the killer bee.
The killer bee stings you.
* * * LOW HITPOINT WARNING * * *
You block the killer bee's attack. The killer bee stings you.
* * * LOW HITPOINT WARNING * * *
You are lethally poisoned!
The killer bee poisons you! The killer bee stings you.
You die...

<##.#.....#.#....# #........>#
##........#.#....# ###.......####
##.....####.#....# #...........
.#.......##....#.# ###....#######
....#....##....#.###...#.##......
.........##...............#.#####
.......#########)###.....##.#...#
.....%.# #k# ###...##.#.#.#
....#.#### #@# ###...##.#.#>#
###.#....## #k# #.....##.#.###
#.#.....# ##.###.....##.#....
#.#.....# #...##.....##.#####
###.......# #...#####..##......
..........# #......##..########
.#........######.#...##..#####...
.................................
##..#...###...##.######..#...####


You could see 2 killer bees.

Vanquished Creatures
  Joseph (D:7)
  2 orc warriors (D:6)
  An ice beast (D:5)
  4 ogres
  A phantom (D:6)
  A centaur (D:5)
  5 giant frogs
  4 killer bees
  2 crimson imps (D:6)
  3 orc wizards
  An orc priest (D:6)
  Natasha (thrice) (D:3)
  6 worker ants
  A sky beast zombie (D:6)
  Ijyb (D:3)
  14 adders
  3 giant mites
  5 worms
  An adder skeleton (D:5)
  A giant eyeball (D:6)
  4 giant geckos
  An ooze (D:2)
  6 orcs
  2 ball pythons
  13 bats
  10 giant cockroaches
  10 goblins
  11 hobgoblins
  11 jackals
  13 kobolds
  2 quokkas
  11 giant newts
  A goblin skeleton (D:5)
  An orc skeleton (D:4)
  12 rats
168 creatures vanquished.

Notes
Turn   | Place    | Note
--------------------------------------------------------------
     0 | D:1      | Chiseanne, the Centaur Air Elementalist, began the quest for the Orb.
     0 | D:1      | Reached XP level 1. HP: 14/14 MP: 2/2
   155 | D:1      | Reached skill level 1 in Fighting
   551 | D:1      | Reached XP level 2. HP: 18/23 MP: 3/3
  1404 | D:2      | Reached skill level 1 in Armour
  1404 | D:2      | Reached XP level 3. HP: 26/29 MP: 5/5
  2539 | D:2      | Reached XP level 4. HP: 26/36 MP: 5/5
  3224 | D:3      | Noticed Ijyb
  3255 | D:3      | Killed Ijyb
  3255 | D:3      | Reached skill level 1 in Shields
  3255 | D:3      | Reached XP level 5. HP: 42/42 MP: 6/6
  3274 | D:3      | Noticed Natasha
  3287 | D:3      | Killed Natasha
  3310 | D:3      | Noticed Natasha
  3323 | D:3      | Killed Natasha
  3566 | D:3      | Noticed Natasha
  3571 | D:3      | Killed Natasha
  3804 | D:3      | Reached skill level 3 in Armour
  3853 | D:4      | Found a bloodstained altar of Trog.
  4027 | D:4      | Reached XP level 6. HP: 48/50 MP: 8/8
  4289 | D:5      | Entered Level 5 of the Dungeon
  4388 | D:5      | Reached XP level 7. HP: 46/57 MP: 8/8
  4451 | D:5      | Reached skill level 4 in Armour
  4508 | D:5      | Found a snail-covered altar of Cheibriados.
  4993 | D:5      | Found a glowing drain.
  5001 | Sewer    | Entered a sewer
  5608 | Sewer    | Reached XP level 8. HP: 17/66 MP: 9/9
  5934 | D:6      | Reached skill level 5 in Armour
  5976 | D:6      | Found a staircase to the Ecumenical Temple.
  6283 | D:6      | Found a white marble altar of Elyvilon.
  6598 | D:6      | Found an iron altar of Okawaru.
  6654 | D:6      | Paralysed by a giant eyeball for 4 turns
  6675 | D:6      | Reached skill level 5 in Shields
  6838 | Temple   | Entered the Ecumenical Temple
  6944 | Temple   | Became a worshipper of Vehumet
  7087 | D:7      | Found a deep blue altar of Sif Muna.
  7097 | D:7      | Noticed Joseph
  7211 | D:7      | Killed Joseph
  7211 | D:7      | Reached skill level 6 in Armour
  7211 | D:7      | Reached XP level 9. HP: 40/72 MP: 11/11
  7213 | D:7      | Noticed Blork the orc
  7401 | D:6      | HP: 1/73 [killer bee (5)]
  7401 | D:6      | Slain by a killer bee

Action                   |  1- 3 |  4- 6 |  7- 9 || total
-------------------------+-------+-------+-------++-------
Melee: Short sword       |   156 |   245 |   347 ||   748
       Unarmed           |    10 |       |       ||    10
       War axe           |       |       |    21 ||    21
 Fire: Blowgun           |       |    23 |    39 ||    62
Throw: Dart              |       |     7 |       ||     7
       Javelin           |       |     7 |    26 ||    33
       Tomahawk          |       |       |    17 ||    17
       Stone             |       |       |     3 ||     3
 Cast: Shock             |     5 |       |       ||     5
Evoke: Wand              |       |     3 |     1 ||     4
  Use: Scroll            |     8 |     5 |     8 ||    21
       Potion            |       |       |     6 ||     6
